 Dungeon Crawl Stone Soup version 0.25-a0-610-gd0df705f03 (webtiles) character file.

Game seed: 11178361631775185939, levelgen mode: deterministic

58664 Amnesiac the Bringer of Law (level 15, -11/103 HPs)
             Began as a Halfling Assassin on Mar 16, 2020.
             Was the Champion of Zin.
             Mangled by a wyvern (14 damage)
             ... while paralysed by an ogre mage
             ... on level 15 of the Dungeon.
             The game lasted 01:11:56 (21079 turns).

Amnesiac the Bringer of Law (Halfling Assassin)    Turns: 21079, Time: 01:11:56

Health: -11/103    AC:  5    Str: 12    XL:     15   Next: 31%
Magic:  25/25      EV:  3    Int:  9    God:    Zin [******]
Gold:   1161       SH:  0    Dex: 27    Spells: 11/14 levels left

rFire    + + .     SeeInvis .   a - +2 dagger (elec)
rCold    + . .     Gourm    .   d - +3 warlock's mirror {reflect}
rNeg     + . .     Faith    .   G - +3 robe "Mommicvy" {rElec rN+ Dex+4}
rPois    +         Spirit   .   (no helmet)
rElec    +         Reflect  +   F - scarf {rC+ rF+}
rCorr    .         Harm     .   (no gloves)
MR       +....                  (no boots)
Stlth    +++++.....             H - amulet of regeneration
HPRegen  0.67/turn              P - ring of protection from fire
MPRegen  0.19/turn              S - ring of poison resistance

@: paralysed
A: small, mutation resistance 1
a: Recite, Vitalisation, Imprison, Sanctuary, Donate Gold, Renounce Religion


You were on level 15 of the Dungeon.
You worshipped Zin.
Zin was exalted by your worship.
You were not hungry.

You visited 3 branches of the dungeon, and saw 18 of its levels.

You collected 1850 gold pieces.
You spent 504 gold pieces at shops.
You donated 185 gold pieces to Zin.

Inventory:

Hand Weapons
 a - a +2 dagger of electrocution (weapon)
 b - a +0 vorpal hunting sling
 w - a +2 dagger of venom
Missiles
 c - 34 boomerangs
 n - 385 stones (quivered)
 s - 119 sling bullets
 u - an atropa-tipped dart
 x - 2 poisoned darts
Armour
 d - the +3 warlock's mirror (worn) {reflect}
   (You acquired it on level 10 of the Dungeon)
 e - a +1 ring mail of fire resistance
 F - a scarf of resistance (worn)
 G - the +3 robe "Mommicvy" (worn) {rElec rN+ Dex+4}
   (You found it on level 4 of the Dungeon)

   It affects your dexterity (+4).
   It insulates you from electricity.
   It protects you from negative energy.
Jewellery
 g - an uncursed ring of wizardry
 H - an amulet of regeneration (around neck)
 I - an uncursed ring of protection from cold
 P - a ring of protection from fire (left hand)
 S - a ring of poison resistance (right hand)
Wands
 k - a wand of scattershot (4)
 o - a wand of flame (16)
 v - a wand of acid (6)
 L - a wand of iceblast (8)
 M - a wand of digging (2)
Scrolls
 l - a scroll of identify {!r}
 q - a scroll of fog {!r}
 r - 2 scrolls of enchant armour {!r}
 t - 4 scrolls of teleportation {!r}
 y - 6 scrolls of remove curse {!r}
 B - 4 scrolls of magic mapping {!r}
 E - a scroll of enchant weapon {!r}
 J - 3 scrolls of blinking {!r}
Potions
 h - 7 potions of curing {!q}
 i - 4 potions of mutation {!q}
 j - a potion of flight {!q}
 m - 2 potions of might {!q}
 p - a potion of berserk rage {!q}
 A - a potion of lignification {!q}
 C - 3 potions of haste {!q}
 K - a potion of cancellation {!q}
 Q - 2 potions of resistance {!q}
 R - a potion of invisibility {!q}
 V - a potion of stabbing {!q}
Comestibles
 f - 16 rations


   Skills:
 - Level 10.0 Fighting
 - Level 10.0 Short Blades
 - Level 12.0 Throwing
 - Level 12.0 Dodging
 - Level 8.0 Stealth
 - Level 6.0 Shields
 + Level 13.4 Invocations
 - Level 4.0 Evocations


You had 11 spell levels left.
You knew the following spells:

 Your Spells              Type           Power        Failure   Level  Hunger
z - Confusing Touch       Hex            #.......     77%         3    ####...

Your spell library contained the following spells:

 Spells                   Type           Power        Failure   Level  Hunger
 Animate Skeleton         Necr           N/A          38%         1    ##.....
 Apportation              Tloc           #.....       38%         1    ##.....
 Corona                   Hex            #......      38%         1    ##.....
 Summon Small Mammal      Summ           #...         38%         1    ##.....
 Call Imp                 Summ           #.......     52%         2    ###....
 Ensorcelled Hibernation  Hex/Ice        #.....       52%         2    ###....
 Call Canine Familiar     Summ           #.......     77%         3    ####...
 Gell's Gravitas          Tloc           #.........   77%         3    ####...
 Ignite Poison            Fire/Tmut/Pois #.......     77%         3    ####...
 Portal Projectile        Hex/Tloc       #.....       77%         3    ####...
 Summon Guardian Golem    Hex/Summ       #.......     77%         3    ####...
 Teleport Other           Tloc           #.......     77%         3    ####...
 Petrify                  Tmut/Erth      #.......     99%         4    #####..
 Summon Ice Beast         Ice/Summ       #.......     99%         4    #####..
 Summon Lightning Spire   Summ/Air       #.......     99%         4    #####..
 Metabolic Englaciation   Hex/Ice        #.........   100%        5    ######.
 Summon Forest            Summ/Tloc      #.........   100%        5    ######.
 Yara's Violent Unravell  Hex/Tmut       #.........   100%        5    ######.
 Controlled Blink         Tloc           N/A          100%        8    #######


Dungeon Overview and Level Annotations

Branches:
Dungeon (15/15)            Temple (1/1) D:4            Lair (0/6) D:9
    Orc (2/2) D:10            Elf (0/3) Orc:2        Vaults (0/5) D:14
 Depths: D:15

Altars:
Ashenzari
Cheibriados
Dithmenos
Elyvilon
Fedhas
Gozag
Hepliaklqana
Kikubaaqudgha
Makhleb
Nemelex Xobeh
Okawaru
Qazlal
Ru
Sif Muna
Trog
Uskayaw
Vehumet
Wu Jian
Xom
Yredelemnul
Zin
The Shining One
Beogh

Shops:
D:10 %   Orc:2 (}!%

Portals:
Pandemonium: Orc:2

Annotations:
D:13 exclusion: ice statue


Innate Abilities, Weirdness & Mutations

You are small and have problems with some larger weapons.
You are somewhat resistant to further mutation.


Message History

The centaur warrior wields a +0 longbow.
The centaur warrior shoots an arrow.
The arrow completely misses you.
An ogre mage comes into view. It is wielding a +0 spear.
The wyvern completely misses you.
You catch the helpless ettin completely off-guard!
You impale the ettin!! Lightning courses through the ettin!!
The ettin is almost dead.
The two-headed ogre completely misses you.
You block the two-headed ogre's attack.
You catch the helpless ettin completely off-guard!
You impale the ettin!!
You kill the ettin!
The wyvern bites you but does no damage.
You hit the two-headed ogre.
The two-headed ogre is heavily wounded.
You block the wyvern's attack.
The two-headed ogre says, "I'm a little confused."
The two-headed ogre completely misses you.
The two-headed ogre closely misses you.
You hit the two-headed ogre.
The two-headed ogre is heavily wounded.
The troll completely misses the two-headed ogre.
The troll claws the two-headed ogre! x2; You block the wyvern's attack.
You hit the two-headed ogre.
Lightning courses through the two-headed ogre!!
You kill the two-headed ogre!
The ogre mage mumbles some strange words.
The ogre mage seems to speed up.
The wyvern completely misses you.
You hit the cyclops but do no damage. The wyvern bites you.
You hit the cyclops but do no damage. Lightning courses through the cyclops!
The cyclops is moderately wounded.
The centaur warrior unwields a +0 longbow.
You block the centaur warrior's attack.
You catch the helpless cyclops completely off-guard!
You perforate the cyclops like a sieve!!!
You kill the cyclops!
The wyvern completely misses you.
The ogre mage gestures at you while chanting.
You suddenly lose the ability to move!
The centaur warrior hits you! The wyvern bites you.
The ogre mage hits you from afar with a +0 spear!
The centaur warrior hits you.
* * * LOW HITPOINT WARNING * * *
The wyvern bites you.
* * * LOW HITPOINT WARNING * * *
The ogre mage hits you from afar with a +0 spear.
* * * LOW HITPOINT WARNING * * *
The centaur warrior hits you but does no damage.
The wyvern bites you!
* * * LOW HITPOINT WARNING * * *
The troll bites you.
* * * LOW HITPOINT WARNING * * *
The troll claws you but does no damage. The troll claws you!
* * * LOW HITPOINT WARNING * * *
The ogre mage hits you but does no damage.
The centaur warrior hits you.
* * * LOW HITPOINT WARNING * * *
The wyvern barely misses you.
The ogre mage hits you from afar with a +0 spear!
* * * LOW HITPOINT WARNING * * *
The centaur warrior hits you. Zin protects you from harm! The wyvern bites you!
You die...

#.......#
.###.......#
...........#
...........#
...........#
...........#
...).......#
.......lc).# ##+
......(@)..# ...
........$T.#######.
...
#......O..(........
...
#........).<....##
###
#......)#.......#
........#.#####.#
........#.. #
.....#.#.#.#
.......# ..


You could see a centaur warrior, an ogre mage, a troll (confused) and a wyvern.

Vanquished Creatures
  2 orc warlords (Orc:2)
  Azrael (D:13)
  Snorg (D:14)
  2 ettins
  Erolcha (D:13)
  4 centaur warriors
  An ogre mage (D:12)
  5 two-headed ogres
  2 tengu warriors (D:14)
  7 orc high priests (Orc:2)
  3 skeletal warriors (D:12)
  An unseen horror (D:11)
  An infernal demonspawn (Orc:2)
  2 gelid demonspawn (Orc:2)
  Pikel (D:5)
  5 orc knights
  6 orc sorcerers
  A manticore (D:11)
  3 cyclopes
  A salamander (shapeshifter) (D:12)
  11 ugly things
  Joseph (D:8)
  2 centaur zombies
  A rust devil (Orc:2)
  2 gargoyles
  A yaktaur (D:15)
  2 kobold demonologists (D:14)
  A komodo dragon (D:13)
  A hellwing (Orc:2)
  An ice devil (Orc:2)
  4 trolls
  5 slime creatures
  A hippogriff (D:12)
  3 shadows
  A spriggan (D:9)
  2 wyverns (D:12)
  4 water elementals (D:14)
  14 yaks
  A basilisk (D:13)
  Grum (D:8)
  3 fire elementals
  Eustachio (D:5)
  2 steam dragons
  3 chaos spawn (Orc:2)
  2 hungry ghosts
  4 wargs
  A soldier ant (D:14)
  A porcupine (D:9)
  3 hell hounds
  47 orc warriors
  4 slaves (D:5)
  2 ice beasts
  2 phantoms
  A black bear (D:9)
  6 sky beasts
  A necrophage (D:14)
  14 ogres
  2 wolves (D:8)
  11 centaurs
  2 big kobolds
  8 bullfrogs
  2 wyvern skeletons (D:10)
  7 scorpions
  9 wights
  13 killer bees
  4 howler monkeys
  6 electric eels (D:14)
  9 crimson imps
  2 bullfrog zombies
  10 hounds
  5 jellies
  Crazy Yiuf (D:5)
  28 orc priests
  6 centaur skeletons
  31 orc wizards
  Ijyb (D:5)
  15 worker ants
  3 iguanas
  A hound zombie (D:11)
  2 hound skeletons
  3 worker ant zombies
  7 gnolls (D:5)
  A howler monkey skeleton (D:7)
  15 adders
  2 shadow imps
  5 ufetubi (D:13)
  2 oozes
  An adder skeleton (D:5)
  An adder zombie (D:5)
  6 worms
  5 dart slugs
  6 leopard geckos
  131 orcs
  7 bats
  11 giant cockroaches
  14 goblins
  13 hobgoblins
  15 jackals
  8 quokkas
  A ball python (D:3)
  4 frilled lizards
  20 kobolds
  A leopard gecko skeleton (D:4)
  10 rats
  A fungus (D:9)
674 creatures vanquished.

Vanquished Creatures (others)
  An orc high priest (Orc:1)
  A troll (D:9)
  A yak (D:11)
  A sky beast (D:10)
  A centaur (D:11)
  A killer bee (D:13)
  A shadow imp (D:9)
  3 orcs
  3 fungi (D:9)
  4 pillars of salt
17 creatures vanquished.

Grand Total: 691 creatures vanquished

Notes
Turn   | Place    | Note
-------+----------+-------------------------------------------
     0 | D:1      | Amnesiac the Halfling Assassin began the quest for the Orb.
     0 | D:1      | Reached XP level 1. HP: 14/14 MP: 1/1
    93 | D:1      | Reached XP level 2. HP: 7/19 MP: 2/2
   340 | D:2      | Reached XP level 3. HP: 24/24 MP: 3/3
   716 | D:3      | Reached XP level 4. HP: 29/29 MP: 4/4
   958 | D:4      | Reached skill level 5 in Stealth
   958 | D:4      | Reached XP level 5. HP: 34/34 MP: 5/5
  1359 | D:4      | Reached XP level 6. HP: 20/39 MP: 6/6
  1535 | D:4      | Found a staircase to the Ecumenical Temple.
  1773 | Temple   | Entered the Ecumenical Temple
  1795 | Temple   | Became a worshipper of Zin the Law-Giver
  2153 | D:2      | Reached * piety under Zin
  3016 | D:2      | Reached ** piety under Zin
  3164 | D:2      | Reached skill level 5 in Short Blades
  3333 | D:3      | Learned a level 3 spell: Confusing Touch
  3916 | D:4      | Got a slimy robe
  4021 | D:4      | Reached XP level 7. HP: 35/45 MP: 7/7
  4043 | D:5      | Entered Level 5 of the Dungeon
  4126 | D:5      | Found a runed translucent door.
  4127 | D:5      | Noticed Crazy Yiuf
  4134 | D:5      | Killed Crazy Yiuf
  4301 | D:5      | Identified the +3 robe "Mommicvy" {rElec rN+ Dex+4} (You
                  | found it on level 4 of the Dungeon)
  4335 | D:5      | Got a fine flail
  4419 | D:5      | Noticed Pikel
  4449 | D:5      | Killed Pikel
  4449 | D:5      | Reached XP level 8. HP: 50/50 MP: 8/8
  4480 | D:5      | Noticed Ijyb
  4502 | D:5      | Killed Ijyb
  4665 | D:5      | Noticed Eustachio
  4925 | D:4      | Identified the +6 flail of Urgency {flame, rF+ MR+ Dex-3
                  | SInv} (You found it on level 5 of the Dungeon)
  5048 | D:5      | Killed Eustachio
  5203 | D:5      | Found a shattered altar of Ashenzari.
  5205 | D:5      | Reached skill level 5 in Throwing
  5205 | D:5      | Reached skill level 5 in Dodging
  5205 | D:5      | Reached XP level 9. HP: 54/54 MP: 9/9
  5910 | D:6      | Found an ornate altar of the Wu Jian Council.
  6338 | D:6      | Got a polished mace
  6681 | D:7      | Reached skill level 1 in Invocations
  6859 | D:7      | Reached skill level 1 in Evocations
  6892 | D:7      | Reached skill level 2 in Invocations
  7005 | D:7      | Reached *** piety under Zin
  7238 | D:7      | Reached skill level 3 in Invocations
  7339 | D:7      | Reached **** piety under Zin
  7703 | D:8      | Reached skill level 4 in Invocations
  7786 | D:8      | Reached XP level 10. HP: 60/60 MP: 13/13
  7819 | D:8      | Reached skill level 5 in Invocations
  7980 | D:8      | Noticed Grum
  7981 | D:8      | Noticed Joseph
  8013 | D:8      | Killed Grum
  8047 | D:9      | Reached skill level 6 in Invocations
  8140 | D:9      | Found a bloodstained altar of Trog.
  8140 | D:9      | Found a shimmering altar of Xom.
  8143 | D:9      | Found a hazy altar of Hepliaklqana.
  8185 | D:9      | Reached skill level 7 in Invocations
  8303 | D:9      | Found a staircase to the Lair.
  8350 | D:9      | Paralysed by an orc for 2 turns
  8454 | D:9      | Reached skill level 8 in Invocations
  8485 | D:9      | Found a radiant altar of Vehumet.
  8629 | D:9      | Noticed a two-headed ogre
  8631 | D:9      | Killed a two-headed ogre
  8631 | D:9      | Reached skill level 5 in Fighting
  8907 | D:9      | Reached ***** piety under Zin
  8957 | D:9      | Reached XP level 11. HP: 72/72 MP: 17/17
  8958 | D:9      | Identified the Almanac of the Traveller
  9232 | D:8      | Found a roughly hewn altar of Beogh.
  9711 | D:8      | Killed Joseph
 10196 | D:10     | Entered Level 10 of the Dungeon
 10196 | D:10     | Noticed a centaur warrior
 10225 | D:9      | Killed a centaur warrior
 10449 | D:10     | Found a staircase to the Orcish Mines.
 10627 | D:10     | Identified the Compendium of Igneous Malediction
 10733 | D:10     | Found Kemutz's Food Boutique.
 10824 | D:10     | Reached skill level 9 in Invocations
 11168 | D:10     | Got a crude scale mail
 11202 | D:10     | Identified the +1 scale mail "Toch" {Int+8} (You found it
                  | on level 10 of the Dungeon)
 11217 | D:10     | Identified a scroll of acquirement {!r}
 11218 | D:10     | Found the +3 warlock's mirror {reflect}
 11424 | D:11     | Reached skill level 1 in Shields
 11473 | D:11     | Noticed a cyan ugly thing
 11486 | D:11     | Killed a cyan ugly thing
 11745 | D:11     | Noticed a manticore
 11747 | D:11     | Noticed a white ugly thing
 11748 | D:11     | Killed a manticore
 11748 | D:11     | Reached skill level 5 in Shields
 11750 | D:11     | Got a jewelled scale mail
 11752 | D:11     | Noticed a centaur warrior
 11902 | D:11     | Reached XP level 12. HP: 77/79 MP: 18/18
 12084 | D:11     | Killed a centaur warrior
 12225 | D:11     | Killed an unseen horror
 12316 | D:11     | Got a warped ring mail
 12569 | D:12     | Noticed a two-headed ogre
 12570 | D:12     | Noticed an ogre mage
 12570 | D:12     | Noticed a two-headed ogre
 12575 | D:12     | Noticed a two-headed ogre
 12597 | D:12     | Killed an ogre mage
 12722 | D:11     | Killed a two-headed ogre
 12827 | D:10     | Reached skill level 10 in Invocations
 13049 | D:12     | Reached skill level 10 in Throwing
 13135 | D:12     | Noticed a skeletal warrior
 13135 | D:12     | Noticed a skeletal warrior
 13136 | D:12     | Noticed a skeletal warrior
 13185 | D:12     | Killed a skeletal warrior
 13286 | D:12     | Killed a skeletal warrior
 13323 | D:12     | Reached XP level 13. HP: 54/83 MP: 20/20
 13414 | D:12     | Reached skill level 10 in Short Blades
 13819 | D:12     | Reached ****** piety under Zin
 14118 | D:13     | Noticed Erolcha
 14126 | D:13     | Killed Erolcha
 14126 | D:13     | Reached skill level 11 in Invocations
 14885 | D:13     | Noticed Azrael
 15215 | D:13     | Found a basalt altar of Yredelemnul.
 15835 | Orc:1    | Entered Level 1 of the Orcish Mines
 15978 | Orc:1    | Reached skill level 12 in Invocations
 16125 | Orc:2    | Entered Level 2 of the Orcish Mines
 16125 | Orc:2    | Noticed an orc warlord
 16970 | Orc:2    | Killed an orc warlord
 17158 | Orc:2    | Reached XP level 14. HP: 87/89 MP: 23/23
 17399 | Orc:2    | Reached skill level 10 in Dodging
 17545 | Orc:2    | Found Itoth's Distillery.
 17547 | Orc:2    | Found Oklein's Food Emporium.
 17572 | Orc:2    | Found a staircase to the Elven Halls.
 17969 | Orc:2    | Noticed an orc warlord
 17995 | Orc:2    | Killed an orc warlord
 19047 | Orc:2    | Found Wecah's Antique Weapon Shop.
 19047 | Orc:2    | Found Rereoq's Gadget Boutique.
 19048 | Orc:2    | Found a one-way gate leading to the halls of Pandemonium.
 19146 | Orc:2    | Bought a wand of scattershot (4) for 336 gold pieces
 19146 | Orc:2    | Bought a wand of iceblast (8) for 168 gold pieces
 19394 | D:14     | Noticed Snorg
 19503 | D:13     | Identified the +1 ring mail of Analysis {rF- Str+3 Dex+4
                  | Slay+3} (You found it on level 11 of the Dungeon)
 19513 | D:13     | Identified the +1 scale mail of Wado {rPois Dex+3 Stlth-}
                  | (You found it on level 11 of the Dungeon)
 19541 | D:13     | Killed Azrael
 19792 | D:14     | Killed Snorg
 19930 | D:14     | Reached skill level 10 in Fighting
 19930 | D:14     | Reached XP level 15. HP: 90/103 MP: 24/24
 20627 | D:14     | Found a gate to the Vaults.
 20974 | D:15     | Entered Level 15 of the Dungeon
 21052 | D:15     | Reached skill level 13 in Invocations
 21076 | D:15     | Paralysed by an ogre mage for 6 turns
 21079 | D:15     | HP: 3/103 [ogre mage/+0 spear (10)]
 21079 | D:15     | Zin protects you from harm!
 21079 | D:15     | Mangled by a wyvern

Levels and vault maps discovered:
D:1:      onia_arrival_larder, layout_basic
D:2:      layout_rooms, chequers_serial_rivers_large_a,
          minmay_randomly_rotated_circles
D:3:      minmay_inner_zag, layout_loops_cross, first_ration,
          minmay_starry_boxes
D:4:      layout_basic, temple_hall
D:5:      layout_cave_pools, marbit_many_paths, uniq_eustachio,
          uniq_crazy_yiuf_cottage, uniq_ijyb, uniq_pikel
D:6:      layout_rooms, nicolae_overflow_crystal_walls
D:7:      layout_gridville
D:8:      layout_gridville, special_room [special_room_orc], the_bakery,
          uniq_joseph, uniq_grum
D:9:      layout_basic, vehumet_crystals, gammafunk_temple_overflow_forgotten,
          grunt_lair_entry_orc_guard_hut, lemuel_flamethrower_2
D:10:     layout_cross, orc_david_3, serial_rivers,
          chequers_serial_rivers_micro_d, chequers_serial_rivers_marsh,
          chequers_serial_rivers_small_b, chequers_serial_rivers_micro_b,
          chequers_serial_rivers_large_b, chequers_serial_rivers_micro_b,
          serial_shops, shop
D:11:     layout_rooms, minmay_alternating_orb
D:12:     layout_loops_corners
D:13:     cheibrodos_frozen_isle, layout_gridville, basic_altar, uniq_azrael,
          uniq_erolcha
D:14:     layout_basic, nicolae_wwwww, uniq_snorg
D:15:     hangedman_depths_entry_civil_slaughter, layout_irregular_city,
          serial_park_tiny_pond, nicolae_trove_entry_columns
Temple:   lightli_temple_of_artemis
Orc:1:    layout_caves, mines4_lemuel
Orc:2:    pf_orc_diabolical, layout_diamond_mine

Skill      XL: |  1  2  3  4  5  6  7  8  9 10 11 12 13 14 15 |
---------------+----------------------------------------------+-----
Fighting       | 2 5 6 10 | 10.0
Short Blades   | 3 4 5 7 8 9 10 | 10.0
Dodging        | 2 3 4 5 6 7 8 9 12 | 12.0
Stealth        | 5 6 7 8 |  8.0
Throwing       | 3 4 5 6 8 10 12 | 12.0
Invocations    | 4 8 9 10 12 13 | 13.4
Evocations     | 2 4 |  4.0
Shields        | 5 6 |  6.0

Action                   |  1- 3 |  4- 6 |  7- 9 | 10-12 | 13-15 || total
-------------------------+-------+-------+-------+-------+-------++-------
Melee: Dagger            |    52 |   350 |   352 |   870 |  1267 ||  2891
 Fire: Hunting sling     |       |       |       |       |   118 ||   118
Throw: Dart              |    22 |    33 |   136 |    77 |    47 ||   315
       Boomerang         |       |    54 |    46 |    63 |    14 ||   177
Invok: Recite            |       |       |       |     3 |    51 ||    54
       Sanctuary         |       |       |       |       |     1 ||     1
Evoke: Wand              |       |       |       |    11 |    14 ||    25
  Use: Scroll            |     6 |     3 |     4 |     7 |    10 ||    30
       Potion            |       |       |     1 |     2 |     6 ||     9
 Stab: Sleeping          |     7 |    14 |    12 |    18 |     8 ||    59
       Distracted        |       |     2 |     4 |     1 |     3 ||    10
       Paralysed         |       |       |       |     1 |    35 ||    36
       Invisible         |       |       |       |       |    27 ||    27
       Confused          |       |       |       |       |    35 ||    35
       Petrifying        |       |       |       |       |     1 ||     1
  Eat: Chunk             |       |    20 |     8 |    10 |     4 ||    42
       Ration            |       |       |       |     1 |     7 ||     8
Armor: Robe              |     3 |    54 |    31 |    49 |    54 ||   191
Dodge: Dodged            |    19 |   317 |   205 |   426 |   609 ||  1576
Block: Buckler           |       |       |       |   125 |   468 ||   593
       Reflection        |       |       |       |     8 |    29 ||    37

Table legend:
 A = Non-vault XP
 B = Vault XP
 C = Vault XP percentage of total XP
 D = Non-vault monster count
 E = Vault monster count
 F = Vault count percentage of total count
                 A         B        C        D         E       F
            +---------+---------+-------+---------+---------+-------
      Total |   52746 |   31061 |  37.1 |     502 |     165 |  24.7
            +---------+---------+-------+---------+---------+-------
        D:1 |      57 |       8 |  12.3 |      32 |       7 |  17.9
        D:2 |      92 |      16 |  14.8 |      30 |       6 |  16.7
        D:3 |     107 |      11 |   9.3 |      22 |       6 |  21.4
        D:4 |     275 |       0 |   0.0 |      16 |       0 |   0.0
        D:5 |     546 |     897 |  62.2 |      22 |       4 |  15.4
        D:6 |     836 |       0 |   0.0 |      28 |       0 |   0.0
        D:7 |     747 |       0 |   0.0 |      20 |       0 |   0.0
        D:8 |    1019 |    1163 |  53.3 |      18 |      29 |  61.7
        D:9 |    3608 |    1232 |  25.5 |      31 |      11 |  26.2
       D:10 |    2968 |     137 |   4.4 |      22 |       3 |  12.0
       D:11 |    4729 |    3457 |  42.2 |      25 |      14 |  35.9
       D:12 |   11429 |     334 |   2.8 |      39 |       2 |   4.9
       D:13 |    4619 |    2997 |  39.4 |      46 |      11 |  19.3
       D:14 |    9488 |    1090 |  10.3 |      46 |       1 |   2.1
       D:15 |     902 |    2958 |  76.6 |       2 |       4 |  66.7
      Orc:1 |    2965 |     843 |  22.1 |      44 |      12 |  21.4
      Orc:2 |    8359 |   15918 |  65.6 |      59 |      55 |  48.2
            +---------+---------+-------+---------+---------+-------
